MLB
HOUSTON ASTROS @ CHICAGO WHITE SOX
08/13/2019
 
TOP OF THE 1ST
Houston Astros batting - Pitching for Chicago White Sox : RHP Chris Flexen
Pitching: RHP Chris Flexen
Batting: LHB Colin Moran 0-0: Ground out 4-3 (Groundball, 4, EV 104.4 MPH)
Batting: SHB Ben Zobrist 0-0: Called Strike
0-1: Ball
1-1: Ball
2-1: Foul Ball, location: 2F
2-2: Strikes out swinging
Batting: RHB Edwin Encarnacion 0-0: Called Strike
0-1: Ball
1-1: Ball
2-1: Ball
3-1: Swinging Strike
3-2: Foul Ball, location: 2F
3-2: SINGLE (Line Drive, 6D, EV 98.8 MPH)
Batting: LHB Jason Heyward 0-0: Swinging Strike
0-1: Foul Ball, location: 2F
0-2: Ball
1-2: Ball
2-2: Foul Ball, location: 2F
2-2: Strikes out looking
Top of the 1st over - 0 runs, 1 hit, 0 errors, 1 left on base; Houston 0 - Chicago 0
BOTTOM OF THE 1ST
Chicago White Sox batting - Pitching for Houston Astros : RHP Daniel Mengden
Pitching: RHP Daniel Mengden
Batting: RHB Drew Jackson 0-0: Foul Ball, location: 2F
0-1: Foul Ball, location: 2F
0-2: Ball
1-2: Strikes out swinging
Batting: LHB Michael Brantley 0-0: Called Strike
0-1: Foul Ball, location: 2F
0-2: Ball
1-2: Strikes out looking
Batting: RHB Justin Turner 0-0: Swinging Strike
0-1: Foul Ball, location: 2F
0-2: Ball
1-2: Ball
2-2: Ball
3-2: SINGLE (Line Drive, 7S, EV 108.1 MPH)
Batting: LHB Corey Seager 0-0: Called Strike
0-1: Ball
1-1: Fly out, F8 (Flyball, 8LS, EV 90.0 MPH)
Bottom of the 1st over - 0 runs, 1 hit, 0 errors, 1 left on base; Houston 0 - Chicago 0
TOP OF THE 2ND
Houston Astros batting - Pitching for Chicago White Sox : RHP Chris Flexen
Batting: LHB Bradley Zimmer 0-0: Called Strike
0-1: Ball
1-1: Ball
2-1: Ball
3-1: Called Strike
3-2: SINGLE (Line Drive, 3D, EV 106.9 MPH)
Batting: SHB Jorge Polanco 0-0: Ball
1-0: Ball
2-0: Ball
3-0: Called Strike
3-1: Called Strike
3-2: Base on Balls
Bradley Zimmer to second
Batting: RHB Jermaine Palacios 0-0: Called Strike
0-1: Foul Ball, location: 2F
0-2: Strikes out swinging
Batting: LHB Rougned Odor 0-0: Ball
1-0: Foul Ball, location: 2F
1-1: Ball
Bradley Zimmer steals 3rd base
Jorge Polanco to second
2-1: Ball
3-1: Called Strike
3-2: Foul Ball, location: 2F
3-2: Strikes out swinging
Batting: SHB Tucker Barnhart 0-0: Swinging Strike
0-1: Ball
1-1: Ball
2-1: Swinging Strike
2-2: Ball
3-2: Foul Ball, location: 2F
3-2: Fly out, F7 (Line Drive, 7, EV 104.4 MPH)
Top of the 2nd over - 0 runs, 1 hit, 0 errors, 2 left on base; Houston 0 - Chicago 0
BOTTOM OF THE 2ND
Chicago White Sox batting - Pitching for Houston Astros : RHP Daniel Mengden
Batting: LHB Brandon Belt 0-0: Called Strike
0-1: Ball
1-1: Fly out, F8 (Flyball, 89M, EV 83.1 MPH)
Batting: SHB Melky Cabrera 0-0: Swinging Strike
0-1: Ground out 6-3 (Groundball, 4MS, EV 79.4 MPH)
Batting: LHB Marco Hernandez 0-0: Called Strike
0-1: Foul Ball, location: 2F
0-2: Ball
1-2: Ball
2-2: Ground out 5-3 (Groundball, 5S, EV 73.8 MPH)
Bottom of the 2nd over - 0 runs, 0 hits, 0 errors, 0 left on base; Houston 0 - Chicago 0
TOP OF THE 3RD
Houston Astros batting - Pitching for Chicago White Sox : RHP Chris Flexen
Batting: LHB Colin Moran 0-0: Ball
1-0: Ball
2-0: Swinging Strike
2-1: Ball
3-1: Base on Balls
Batting: SHB Ben Zobrist 0-0: Fly out, F9 (Line Drive, 9, EV 92.5 MPH)
Batting: RHB Edwin Encarnacion 0-0: Ball
1-0: Foul Ball, location: 2F
1-1: Called Strike
1-2: Foul Ball, location: 2F
1-2: Strikes out swinging
Batting: LHB Jason Heyward 0-0: Ball
1-0: Called Strike
1-1: Fly out, F8 (Flyball, 8LD, EV 101.3 MPH)
Top of the 3rd over - 0 runs, 0 hits, 0 errors, 1 left on base; Houston 0 - Chicago 0
BOTTOM OF THE 3RD
Chicago White Sox batting - Pitching for Houston Astros : RHP Daniel Mengden
Batting: LHB Zack Granite 0-0: Called Strike
0-1: Called Strike
0-2: Strikes out swinging
Batting: RHB Alex Murphy 0-0: Called Strike
0-1: Foul Ball, location: 2F
0-2: Ball
1-2: Strikes out looking
Batting: RHB Drew Jackson 0-0: SINGLE (Line Drive, 34, EV 96.9 MPH)
Batting: LHB Michael Brantley 0-0: Foul Ball, location: 2F
0-1: Fly out, F4 (Line Drive, 4, EV 65.6 MPH)
Bottom of the 3rd over - 0 runs, 1 hit, 0 errors, 1 left on base; Houston 0 - Chicago 0
TOP OF THE 4TH
Houston Astros batting - Pitching for Chicago White Sox : RHP Chris Flexen
Batting: LHB Bradley Zimmer 0-0: Swinging Strike
0-1: SINGLE (Groundball, 34D, EV 97.5 MPH)
Batting: SHB Jorge Polanco 0-0: Ball
1-0: Called Strike
1-1: Ball
2-1: Ball
3-1: Sac Bunt to 15S - play at first, batter OUT! 1-4
Bradley Zimmer to second
Batting: RHB Jermaine Palacios 0-0: Fly out, F4 (Popup, 3S, EV 81.3 MPH)
Batting: LHB Rougned Odor 0-0: Called Strike
0-1: Called Strike
0-2: Foul Ball, location: 2F
0-2: Ball
1-2: Strikes out swinging
Top of the 4th over - 0 runs, 1 hit, 0 errors, 1 left on base; Houston 0 - Chicago 0
BOTTOM OF THE 4TH
Chicago White Sox batting - Pitching for Houston Astros : RHP Daniel Mengden
Batting: RHB Justin Turner 0-0: Foul Ball, location: 2F
0-1: Ball
1-1: Ball
2-1: SINGLE (Flyball, 9LS, EV 85.0 MPH)
Batting: LHB Corey Seager 0-0: Ball
1-0: Called Strike
1-1: Ball
2-1: 2-RUN HOME RUN (Line Drive, 89XD, EV 103.1 MPH), Distance : 404 ft
Batting: LHB Brandon Belt 0-0: Ball
1-0: Ball
2-0: Ball
3-0: Called Strike
3-1: Base on Balls
Batting: SHB Melky Cabrera 0-0: DOUBLE (Groundball, 5L, EV 106.3 MPH)
Brandon Belt to third
Runner from 3rd tries for Home, SAFE, throw by LF to trailing runner, SAFE at third!
Batting: LHB Marco Hernandez 0-0: SINGLE (Groundball, 6MD, EV 101.9 MPH)
Melky Cabrera scores
Batting: LHB Zack Granite 0-0: Ball
1-0: SINGLE (Line Drive, 7S, EV 88.1 MPH)
Marco Hernandez to second
Batting: RHB Alex Murphy 0-0: Ball
1-0: Fly out, F7 (Flyball, 7S, EV 93.1 MPH)
Batting: RHB Drew Jackson 0-0: Foul Ball, location: 2F
0-1: Foul Ball, location: 2F
0-2: Foul Ball, location: 2F
0-2: Ball
1-2: Ball
2-2: Foul Ball, location: 2F
2-2: Foul Ball, location: 2F
2-2: Foul Ball, location: 2F
2-2: Foul Ball, location: 2F
2-2: Ball
3-2: Fly out, F7 (Flyball, 7, EV 92.5 MPH)
Batting: LHB Michael Brantley 0-0: Ball
1-0: Called Strike
1-1: Ball
2-1: Ball
3-1: Called Strike
3-2: Base on Balls
Marco Hernandez to third
Zack Granite to second
Batting: RHB Justin Turner 0-0: Ball
1-0: Ball
2-0: Ball
3-0: Base on Balls
Marco Hernandez scores
Zack Granite to third
Michael Brantley to second
Pitching: LHP Jairo Labourt
Batting: LHB Corey Seager 0-0: Called Strike
0-1: Fielders Choice at 2nd, 6-4 (Groundball, 6, EV 105.0 MPH)
Bottom of the 4th over - 5 runs, 5 hits, 0 errors, 3 left on base; Houston 0 - Chicago 5
TOP OF THE 5TH
Houston Astros batting - Pitching for Chicago White Sox : RHP Chris Flexen
Batting: SHB Tucker Barnhart 0-0: Called Strike
0-1: Foul Ball, location: 2F
0-2: Strikes out looking
Batting: LHB Colin Moran 0-0: Called Strike
0-1: Foul Ball, location: 2F
0-2: Foul Ball, location: 2F
0-2: Foul Ball, location: 2F
0-2: TRIPLE (Flyball, 78XD, EV 99.4 MPH)
Batting: SHB Ben Zobrist 0-0: Called Strike
0-1: Called Strike
0-2: Foul Ball, location: 2F
0-2: Foul Ball, location: 2F
0-2: TRIPLE (Flyball, 89XD, EV 93.1 MPH)
Colin Moran scores
Batting: RHB Edwin Encarnacion 0-0: Ground out 6-3 (Groundball, 6, EV 84.4 MPH)
Ben Zobrist scores
Batting: LHB Jason Heyward 0-0: Ball
1-0: Called Strike
1-1: Ball
2-1: Ball
3-1: Base on Balls
Batting: LHB Bradley Zimmer 0-0: Ball
1-0: Swinging Strike
1-1: Foul Ball, location: 2F
1-2: Ball
2-2: Fielders Choice at 2nd, U4 (Groundball, 4M, EV 89.4 MPH)
Top of the 5th over - 2 runs, 2 hits, 0 errors, 1 left on base; Houston 2 - Chicago 5
BOTTOM OF THE 5TH
Chicago White Sox batting - Pitching for Houston Astros : LHP Jairo Labourt
Batting: LHB Brandon Belt 0-0: Called Strike
0-1: Foul Ball, location: 2F
0-2: Strikes out swinging
Batting: SHB Melky Cabrera 0-0: Called Strike
0-1: Ball
1-1: SINGLE (Line Drive, 78M, EV 92.5 MPH)
Batting: LHB Marco Hernandez 0-0: Ball
1-0: Ball
2-0: Foul Ball, location: 2F
2-1: Called Strike
2-2: Ball
Passed Ball!
Melky Cabrera to second
3-2: Strikes out swinging
Batting: LHB Zack Granite 0-0: Called Strike
0-1: Ball
1-1: Ground out 6-3 (Groundball, 6, EV 82.5 MPH)
Bottom of the 5th over - 0 runs, 1 hit, 0 errors, 1 left on base; Houston 2 - Chicago 5
TOP OF THE 6TH
Houston Astros batting - Pitching for Chicago White Sox : RHP Chris Flexen
Pitching: LHP Brian Clark
Batting: SHB Jorge Polanco 0-0: Called Strike
0-1: Ball
1-1: Ball
2-1: Foul Ball, location: 2F
2-2: SINGLE (Groundball, 6D, EV 101.9 MPH)
Batting: RHB Jermaine Palacios 0-0: Foul Ball, location: 2F
0-1: SINGLE (Groundball, 4MD, EV 104.4 MPH)
Jorge Polanco to second
Batting: LHB Rougned Odor 0-0: Hit by Pitch
Jorge Polanco to third
Jermaine Palacios to second
Batting: SHB Tucker Barnhart 0-0: Called Strike
0-1: Foul Ball, location: 2F
0-2: Strikes out looking
Pitching: LHP Richard Lovelady
Batting: LHB Colin Moran 0-0: Ball
1-0: Ball
2-0: SINGLE (Groundball, 4D, EV 100.0 MPH)
Jorge Polanco scores
Jermaine Palacios to third
Rougned Odor to second
Runner from 3rd tries for Home, SAFE, no throw by CF
Batting: SHB Ben Zobrist 0-0: Ball
1-0: Foul Ball, location: 2F
1-1: Called Strike
Rougned Odor steals 3rd base
1-2: Ball
2-2: SINGLE (Groundball, 6, EV 105.6 MPH) (infield hit)
Rougned Odor scores
Colin Moran to second
Pitching: RHP Jacob Rhame
Batting: RHB Edwin Encarnacion 0-0: Foul Ball, location: 2F
0-1: Fly out, F8 (Flyball, 78M, EV 91.9 MPH)
Batting: LHB Jason Heyward 0-0: Ball
1-0: Foul Ball, location: 2F
1-1: Foul Ball, location: 2F
1-2: Ball
2-2: Strikes out looking
Top of the 6th over - 3 runs, 4 hits, 0 errors, 2 left on base; Houston 5 - Chicago 5
BOTTOM OF THE 6TH
Chicago White Sox batting - Pitching for Houston Astros : LHP Jairo Labourt
Batting: RHB Alex Murphy 0-0: Foul Ball, location: 2F
0-1: Ball
1-1: Ball
2-1: Swinging Strike
2-2: Foul Ball, location: 2F
2-2: Ball
3-2: Base on Balls
Pitching: LHP Chris Rusin
Batting: RHB Drew Jackson 0-0: Fly out, F7 (Flyball, 78S, EV 87.5 MPH)
Batting: LHB Michael Brantley 0-0: Called Strike
0-1: Fielders Choice at 2nd, 6-4 (Groundball, 6MS, EV 85.0 MPH)
Batting: RHB Justin Turner 0-0: Foul Ball, location: 2F
0-1: Swinging Strike
0-2: Fly out, F8 (Line Drive, 8RM, EV 96.9 MPH)
Bottom of the 6th over - 0 runs, 0 hits, 0 errors, 1 left on base; Houston 5 - Chicago 5
TOP OF THE 7TH
Houston Astros batting - Pitching for Chicago White Sox : RHP Jacob Rhame
Pitching: RHP Yusmeiro Petit
Batting: LHB Bradley Zimmer 0-0: Ball
1-0: Ball
2-0: Called Strike
2-1: Foul Ball, location: 2F
2-2: Ground out U3 (Groundball, 3, EV 84.4 MPH)
Batting: SHB Jorge Polanco 0-0: Ball
1-0: Swinging Strike
1-1: Ball
2-1: Called Strike
2-2: Ball
3-2: Base on Balls
Batting: RHB Jermaine Palacios 0-0: Foul Ball, location: 2F
0-1: Foul Ball, location: 2F
0-2: Ball
1-2: Ball
2-2: Strikes out swinging
Batting: LHB Rougned Odor 0-0: Called Strike
0-1: Called Strike
0-2: Strikes out swinging
Top of the 7th over - 0 runs, 0 hits, 0 errors, 1 left on base; Houston 5 - Chicago 5
BOTTOM OF THE 7TH
Chicago White Sox batting - Pitching for Houston Astros : LHP Chris Rusin
Pitching: RHP Jose A. Ramirez
Batting: LHB Corey Seager 0-0: Ball
1-0: Ball
2-0: Fly out, F8 (Flyball, 78D, EV 105.6 MPH)
Batting: LHB Brandon Belt 0-0: Ball
1-0: Ball
2-0: Foul Ball, location: 2F
2-1: Ground out 5-3 (Groundball, 5, EV 77.5 MPH)
Batting: SHB Melky Cabrera 0-0: Called Strike
0-1: Ball
1-1: Ground out 4-3 (Groundball, 4, EV 83.8 MPH)
Bottom of the 7th over - 0 runs, 0 hits, 0 errors, 0 left on base; Houston 5 - Chicago 5
TOP OF THE 8TH
Houston Astros batting - Pitching for Chicago White Sox : RHP Yusmeiro Petit
Pitching: RHP Trevor Gott
Batting: SHB Tucker Barnhart 0-0: Called Strike
0-1: Ball
1-1: Swinging Strike
1-2: Foul Ball, location: 2F
1-2: DOUBLE (Line Drive, 7LM, EV 89.4 MPH)
Batting: LHB Colin Moran 0-0: Ball
1-0: Swinging Strike
1-1: Foul Ball, location: 2F
1-2: Ball
2-2: Foul Ball, location: 2F
2-2: Strikes out looking
Batting: SHB Ben Zobrist 0-0: Ball
1-0: Ball
2-0: Fly out, F4 (Popup, 4S, EV 71.9 MPH)
Batting: RHB Edwin Encarnacion 0-0: Ball
1-0: Ball
2-0: Swinging Strike
2-1: Ball
3-1: Base on Balls
Batting: LHB Jason Heyward 0-0: Ball
1-0: Foul Ball, location: 2F
1-1: Ball
2-1: Ball
3-1: Base on Balls
Tucker Barnhart to third
Edwin Encarnacion to second
Batting: LHB Bradley Zimmer 0-0: Ball
1-0: Called Strike
1-1: Foul Ball, location: 2F
1-2: Foul Ball, location: 2F
1-2: Foul Ball, location: 2F
1-2: Foul Ball, location: 2F
1-2: Foul Ball, location: 2F
1-2: Strikes out swinging
Top of the 8th over - 0 runs, 1 hit, 0 errors, 3 left on base; Houston 5 - Chicago 5
BOTTOM OF THE 8TH
Chicago White Sox batting - Pitching for Houston Astros : RHP Jose A. Ramirez
Pitching: RHP Domingo Acevedo
Batting: LHB Marco Hernandez 0-0: Swinging Strike
0-1: Foul Ball, location: 2F
0-2: Ball
1-2: Ball
2-2: Strikes out swinging, 2-3 out at first.
Batting: LHB Zack Granite 0-0: Ball
1-0: Ball
2-0: Ball
3-0: Base on Balls
Pitching: RHP Alex Colome
Batting: RHB Alex Murphy 0-0: Foul Ball, location: 2F
0-1: Ball
1-1: Called Strike
Zack Granite steals 2nd base
1-2: Strikes out looking
Batting: RHB Drew Jackson 0-0: Ball
1-0: Called Strike
1-1: Ball
2-1: Foul Ball, location: 2F
2-2: Strikes out swinging
Bottom of the 8th over - 0 runs, 0 hits, 0 errors, 1 left on base; Houston 5 - Chicago 5
TOP OF THE 9TH
Houston Astros batting - Pitching for Chicago White Sox : RHP Trevor Gott
Pitching: LHP Anderson Severino
Batting: SHB Jorge Polanco 0-0: Called Strike
0-1: Ball
1-1: Swinging Strike
1-2: Ball
2-2: Strikes out swinging
Batting: RHB Jermaine Palacios 0-0: Ball
1-0: Ball
2-0: Swinging Strike
2-1: Swinging Strike
2-2: SINGLE (Line Drive, 56D, EV 98.8 MPH)
Batting: LHB Rougned Odor 0-0: Called Strike
0-1: TRIPLE (Flyball, 9LD, EV 91.3 MPH)
Jermaine Palacios scores
Batting: SHB Tucker Barnhart 0-0: Called Strike
0-1: Ball
1-1: SINGLE (Groundball, 6, EV 101.9 MPH) (infield hit)
Rougned Odor scores
Pitching: RHP David Hernandez
Batting: LHB Colin Moran 0-0: Foul Ball, location: 2F
0-1: Called Strike
0-2: Ball
1-2: Ball
2-2: Foul Ball, location: 2F
2-2: Fly out, F7 (Line Drive, 7D, EV 95.6 MPH)
Batting: SHB Ben Zobrist 0-0: Ball
1-0: Ball
2-0: Ball
3-0: Called Strike
3-1: Called Strike
3-2: Fly out, F5 (Popup, 25F, EV 90.0 MPH)
Top of the 9th over - 2 runs, 3 hits, 0 errors, 1 left on base; Houston 7 - Chicago 5
BOTTOM OF THE 9TH
Chicago White Sox batting - Pitching for Houston Astros : RHP Alex Colome
Pitching: LHP James Pazos
Batting: LHB Michael Brantley 0-0: Ball
1-0: SINGLE (Flyball, 89M, EV 83.8 MPH)
Batting: RHB Justin Turner 0-0: Ball
1-0: Fly out, F8 (Flyball, 8RM, EV 84.4 MPH)
Batting: LHB Corey Seager 0-0: Fly out, F9 (Flyball, 9LS, EV 90.6 MPH)
Batting: LHB Brandon Belt 0-0: Swinging Strike
0-1: Ball
1-1: Ball
2-1: Swinging Strike
2-2: Foul Ball, location: 2F
2-2: Strikes out swinging
Bottom of the 9th over - 0 runs, 1 hit, 0 errors, 1 left on base; Houston 7 - Chicago 5
Monday, November 18th, 2019 - OOTP Baseball 20.7 Build 68